 Dungeon Sprint DCSS version 0.18-a0-119-g02a7081 (webtiles) character file.

14293 Kidiri the Unseen (level 11, -23/58 HPs)
             Began as a Spriggan Enchanter on Nov 19, 2015.
             Was the Champion of Dithmenos.
             Killed from afar by a shadow dragon (38 damage)
             ... with a bolt of negative energy
             ... in the Dungeon (Sprint I: "Red Sonja").
             The game lasted 00:18:48 (3936 turns).

Kidiri the Unseen (Spriggan Enchanter)              Turns: 3936, Time: 00:18:49

Health: -23/58     AC:  7    Str: 10    XL:     11   Next: 86%
Magic:  10/29      EV: 31    Int: 19    God:    Dithmenos [******]
Gold:   2073       SH:  0    Dex: 18    Spells: 10 memorised, 3 levels left

rFire  + . .     SeeInvis +     r - +1 dagger (venom)
rCold  . . .     Clarity  .     b - +1 robe
rNeg   . . .     SustAt   .     (shield restricted)
rPois  .         Gourm    .     (helmet restricted)
rElec  .         Spirit   .     (no cloak)
rCorr  .         Warding  .     (gloves unavailable)
rMut   .         NoTele   +     (boots unavailable)
MR     +....                    (no amulet)
Stlth  ++++++++++               (no ring)
                                p - ring of Aggo {rF+ AC+4 Str+6}

@: wreathed by umbra, drained, very quick, somewhat resistant to hostile
enchantments, uncannily stealthy
A: unfitting armour, see invisible, herbivore 3, speed 3, slow metabolism 2
a: Shadow Step, Shadow Form, Renounce Religion


You were in the Dungeon.
You worshipped Dithmenos.
Dithmenos was exalted by your worship.
You were not hungry.

You visited 1 branch You collected 4173 gold pieces.
You spent 2100 gold pieces at shops.

Inventory:

Hand Weapons
 a - a +1 dagger
 r - a +1 dagger of venom (weapon)
Armour
 b - a +1 robe (worn)
Jewellery
 p - the ring of Aggo (left hand) {rF+ AC+4 Str+6}
   (You bought it in a shop in the Dungeon)

   [ring of protection]

   It affects your AC (+4).
   It affects your strength (+6).
   It protects you from fire.
Wands
 n - a wand of polymorph (16)
Scrolls
 f - a scroll of identify
 j - a scroll of blinking
 m - a scroll of fear
Potions
 e - a potion of agility
 g - a potion of haste
 h - 3 potions of magic
 i - a potion of berserk rage
 q - a potion of brilliance
Books
 c - a book of Maledictions

   Spells                             Type                      Level
   a - Corona                         Hexes                        1
   b - Ensorcelled Hibernation        Hexes/Ice                    2
   c - Confuse                        Hexes                        3
   d - Tukima's Dance                 Hexes                        3
   e - Dazzling Spray                 Conjuration/Hexes            3
 k - a book of Ice

   Spells                             Type                      Level
   a - Ice Form                       Ice/Transmutation            4
   b - Metabolic Englaciation         Hexes/Ice                    5
   c - Ozocubu's Refrigeration        Ice                          6
   d - Bolt of Cold                   Conjuration/Ice              6
   e - Freezing Cloud                 Conjuration/Ice/Air          6
   f - Simulacrum                     Ice/Necromancy               6
 l - Bykeorif's Handbook of Twisted Dislocation
   (You bought it in a shop in the Dungeon)

   Spells                             Type                      Level
   a - Regeneration                   Charms/Necromancy            3
   b - Gell's Gravitas                Hexes/Translocation          3
   c - Teleport Other                 Translocation                3
   d - Control Undead                 Necromancy                   4
   e - Passage of Golubria            Translocation                4
 o - a Young Poisoner's Handbook

   Spells                             Type                      Level
   a - Sting                          Conjuration/Poison           1
   b - Cure Poison                    Poison                       2
   c - Mephitic Cloud                 Conjuration/Poison/Air       3
   d - Olgreb's Toxic Radiance        Poison                       4
   e - Venom Bolt                     Conjuration/Poison           5
Comestibles
 d - 2 bread rations


   Skills:
 + Level 6.9(5.8) Fighting
 * Level 12.7(11.4) Short Blades
 + Level 6.1(5.0) Armour
 * Level 15.8(14.5) Dodging
 * Level 17.4(16.0) Stealth
 * Level 13.8(12.5) Spellcasting
 + Level 5.8(4.8) Conjurations
 + Level 10.6(9.4) Hexes
 + Level 6.1(5.1) Translocations
 + Level 6.6(5.6) Ice Magic
 + Level 4.9(3.9) Air Magic
 + Level 3.7(2.7) Poison Magic
 - Level 3.2(2.2) Invocations


You had 3 spell levels left.
You knew the following spells:

 Your Spells              Type           Power        Failure   Level  Hunger
a - Corona                Hex            #####..      1%          1    None
b - Ensorcelled Hibernat  Hex/Ice        #####.       1%          2    None
c - Confuse               Hex            #####...     1%          3    None
d - Tukima's Dance        Hex            #####...     1%          3    None
e - Dazzling Spray        Conj/Hex       #####...     1%          3    None
f - Metabolic Englaciati  Hex/Ice        #####.....   10%         5    ####...
g - Ozocubu's Refrigerat  Ice            ####......   87%         6    ######.
h - Freezing Cloud        Conj/Ice/Air   ####......   97%         6    ######.
i - Gell's Gravitas       Hex/Tloc       #####.....   1%          3    None
j - Cure Poison           Pois           ###.......   3%          2    None


Dungeon Overview and Level Annotations

Branches:
Dungeon (1/1)

Altars:
Cheibriados
Dithmenos
Elyvilon
Fedhas
Gozag
Kikubaaqudgha
Makhleb
Nemelex Xobeh
Okawaru
Qazlal
Ru
Sif Muna
Trog
Vehumet
Xom
Yredelemnul
Zin
The Shining One
Jiyva

Shops:
D }*}*=(***:=[(*[[:

Annotations:
D Norris


Innate Abilities, Weirdness & Mutations

You are tiny and cannot use many weapons and most armour.
You have supernaturally acute eyesight.
You are a herbivore.
You cover ground extremely quickly.
You need consume almost no food.


Message History

The spray of energy hits the shadow dragon.
The shadow dragon is severely wounded.
Your shadow mimicks your spell!
The shadow shard hits the shadow dragon.
The shadow dragon misses you.
The shadow dragon completely misses you. x2
Unknown command.
Casting: Dazzling Spray
Confirm with . or Enter, or press ? or * to list all spells.
Aiming: Dazzling Spray
Press: ? - help, Shift-Dir - straight line, f/p - shadow dragon
Aim: a shadow dragon (purple smoke, almost dead, poisoned, umbra)
The spray of energy hits the shadow dragon.
The shadow dragon is almost dead.
Your shadow mimicks your spell!
The shadow shard hits the shadow dragon.
The shadow dragon breathes negative energy at you.
The bolt of negative energy hits you!
You feel drained.
Ouch! That really hurt!
You die...

§§#######+#§§§§§#
#+# #...§§# #
##§§..# # ###+##
# #§####+# #
##§#..§§## #
##§§§§§§§.##
#^...§D§...# ##
##..§.@§§§..##
.###
#...§§.§.....#
...#
#.....}......#
...#
##....^.....##
#### #$$$$$$$$$$#
# ##$$$$$$$$##
##$??($)##
########


You could see a shadow dragon.

Vanquished Creatures
  A golden dragon (D)
  A lorocyproca (D)
  A hydra (D)
  2 centaur warriors (D)
  Sonja (D)
  A deep troll (D)
  2 unseen horrors (D)
  An oklob plant (D)
  A lindwurm (D)
  A gargoyle (D)
  2 kobold demonologists (D)
  4 demonic crawlers (D)
  A slime creature (D)
  Sigmund (D)
  A yak (D)
  4 trapdoor spiders (D)
  13 hogs (D)
  A wasp (D)
  An ogre (D)
  7 necrophages (D)
  Ijyb (D)
  8 jellies (D)
  3 giant eyeballs (D)
  3 ballistomycetes (D)
  A giant spore (D)
63 creatures vanquished.

Vanquished Creatures (others)
  A gargoyle (D)
  A giant spore (D)
2 creatures vanquished.

Grand Total: 65 creatures vanquished

Notes
Turn   | Place    | Note
--------------------------------------------------------------
     0 | D        | Kidiri the Spriggan Enchanter began the quest for the Orb.
     0 | D        | Reached XP level 1. HP: 9/9 MP: 5/5
     6 | D        | Noticed Ijyb
    33 | D        | Killed Ijyb
    33 | D        | Reached skill level 1 in Fighting
    33 | D        | Reached skill level 1 in Armour
    33 | D        | Reached skill level 5 in Stealth
    33 | D        | Reached XP level 2. HP: 7/14 MP: 5/8
   190 | D        | Learned a level 2 spell: Ensorcelled Hibernation
   192 | D        | Noticed an ogre
   194 | D        | Killed an ogre
   194 | D        | Reached skill level 6 in Dodging
   194 | D        | Reached skill level 7 in Stealth
   194 | D        | Reached skill level 5 in Spellcasting
   194 | D        | Reached skill level 1 in Ice Magic
   194 | D        | Reached XP level 3. HP: 16/18 MP: 8/10
   194 | D        | Reached XP level 4. HP: 20/23 MP: 9/12
   212 | D        | Learned a level 3 spell: Confuse
   216 | D        | Learned a level 3 spell: Tukima's Dance
   220 | D        | Learned a level 3 spell: Dazzling Spray
   239 | D        | Noticed Sigmund
   241 | D        | Killed Sigmund
   241 | D        | Reached skill level 5 in Short Blades
   241 | D        | Reached skill level 8 in Stealth
   241 | D        | Reached skill level 1 in Conjurations
   241 | D        | Reached skill level 5 in Hexes
   241 | D        | Reached XP level 5. HP: 27/27 MP: 13/15
   259 | D        | Found a snail-covered altar of Cheibriados.
   259 | D        | Found a shadowy altar of Dithmenos.
   259 | D        | Noticed a slime creature
   260 | D        | Found a viscous altar of Jiyva.
   260 | D        | Found a blossoming altar of Fedhas.
   268 | D        | Killed a slime creature
   268 | D        | Reached skill level 10 in Stealth
   268 | D        | Reached XP level 6. HP: 17/32 MP: 9/17
   270 | D        | Became a worshipper of Dithmenos the Shadowed
   522 | D        | Found a deep blue altar of Sif Muna.
   524 | D        | Found a radiant altar of Vehumet.
   548 | D        | Learned a level 5 spell: Metabolic Englaciation
   571 | D        | Found Ostaof's Assorted Antiques.
   571 | D        | Found a white marble altar of Elyvilon.
   571 | D        | Found a stormy altar of Qazlal.
   571 | D        | Found a burning altar of Makhleb.
   571 | D        | Found a sacrificial altar of Ru.
   571 | D        | Found a basalt altar of Yredelemnul.
   571 | D        | Found a glowing golden altar of the Shining One.
   571 | D        | Found a sparkling altar of Nemelex Xobeh.
   571 | D        | Found a shimmering altar of Xom.
   571 | D        | Found an opulent altar of Gozag.
   571 | D        | Found an ancient bone altar of Kikubaaqudgha.
   571 | D        | Found a glowing silver altar of Zin.
   571 | D        | Noticed a yak
   572 | D        | Found an iron altar of Okawaru.
   573 | D        | Killed a yak
   573 | D        | Reached skill level 1 in Invocations
   573 | D        | Reached XP level 7. HP: 36/36 MP: 17/19
   574 | D        | Found a bloodstained altar of Trog.
   592 | D        | Noticed Sonja
   596 | D        | HP: 1/36 [Sonja/short sword of distortion (11)]
   607 | D        | Killed Sonja
   607 | D        | Reached * piety under Dithmenos
   607 | D        | Reached skill level 10 in Dodging
   607 | D        | Reached skill level 11 in Stealth
   607 | D        | Reached XP level 8. HP: 22/42 MP: 13/22
   712 | D        | Killed a gargoyle
   752 | D        | Found Anwiag's Gadget Boutique.
   773 | D        | Noticed a deep troll
   782 | D        | Killed a deep troll
   782 | D        | Reached skill level 12 in Stealth
   794 | D        | Found Xoelijodu's Armour Emporium.
   827 | D        | Learned a level 6 spell: Ozocubu's Refrigeration
   931 | D        | Noticed a centaur warrior
   932 | D        | Noticed a centaur warrior
   934 | D        | Killed a centaur warrior
   934 | D        | Reached skill level 13 in Stealth
   934 | D        | Reached skill level 10 in Spellcasting
   934 | D        | Reached XP level 9. HP: 46/46 MP: 22/24
   943 | D        | Killed a centaur warrior
   943 | D        | Reached ** piety under Dithmenos
   943 | D        | Reached skill level 5 in Fighting
  1209 | D        | Learned a level 6 spell: Freezing Cloud
  1229 | D        | Noticed an oklob plant
  1231 | D        | Killed an oklob plant
  1231 | D        | Reached skill level 14 in Stealth
  1231 | D        | Reached skill level 1 in Air Magic
  1244 | D        | Reached skill level 10 in Short Blades
  1251 | D        | Reached skill level 5 in Ice Magic
  1296 | D        | Reached *** piety under Dithmenos
  1296 | D        | Reached XP level 10. HP: 21/51 MP: 11/26
  1825 | D        | Noticed an unseen horror
  1826 | D        | Noticed an unseen horror
  1833 | D        | Killed an unseen horror
  1838 | D        | Killed an unseen horror
  1838 | D        | Reached skill level 5 in Armour
  1935 | D        | Reached **** piety under Dithmenos
  2032 | D        | Reached ***** piety under Dithmenos
  2033 | D        | Reached skill level 15 in Stealth
  2083 | D        | Found Asoheam's Assorted Antiques.
  2083 | D        | Found Muedd's Gadget Shop.
  2083 | D        | Found Ischy Tid's Jewellery Boutique.
  2085 | D        | Found Fihi's Antique Weapon Emporium.
  2085 | D        | Found Epicleoh's Assorted Antiques.
  2085 | D        | Found Aqa Seni's General Store.
  2085 | D        | Found Savyar's General Store.
  2085 | D        | Found Jeup's Book Emporium.
  2085 | D        | Found Rinub's Jewellery Shop.
  2085 | D        | Found Usemohaor's Armour Shoppe.
  2089 | D        | Found Istrorom's Antique Weapon Boutique.
  2090 | D        | Found Hyeraite's Armour Emporium.
  2090 | D        | Found Tanug's Assorted Antiques.
  2091 | D        | Found Muluf's Book Emporium.
  2100 | D        | Bought Bykeorif's Handbook of Twisted Dislocation for 744 gold pieces
  2100 | D        | Bought a Young Poisoner's Handbook for 480 gold pieces
  2104 | D        | Learned a level 3 spell: Gell's Gravitas
  2289 | D        | Reached skill level 1 in Translocations
  2313 | D        | Reached skill level 5 in Conjurations
  2461 | D        | Learned a level 2 spell: Cure Poison
  2468 | D        | Noticed a lindwurm
  2472 | D        | Killed a lindwurm
  2472 | D        | Reached ****** piety under Dithmenos
  2581 | D        | Reached XP level 11. HP: 56/56 MP: 28/28
  2584 | D        | Reached skill level 1 in Poison Magic
  2586 | D        | Reached skill level 16 in Stealth
  2596 | D        | Reached skill level 10 in Hexes
  2725 | D        | Noticed a 12-headed hydra
  2727 | D        | Killed a 12-headed hydra
  2727 | D        | Reached skill level 15 in Dodging
  3035 | D        | Noticed a lorocyproca
  3036 | D        | Noticed Norris
  3052 | D        | Killed a lorocyproca
  3052 | D        | Reached skill level 5 in Translocations
  3776 | D        | Bought the ring of Aggo {rF+ AC+4 Str+6} for 876 gold pieces
  3912 | D        | Noticed a golden dragon
  3913 | D        | Noticed a shadow dragon
  3915 | D        | Killed a golden dragon
  3915 | D        | Reached skill level 17 in Stealth
  3936 | D        | Killed from afar by a shadow dragon

Vault maps used:
D:        dungeon_sprint_1

Action                   |  1- 3 |  4- 6 |  7- 9 | 10-12 || total
-------------------------+-------+-------+-------+-------++-------
Melee: Dagger            |    24 |     8 |    15 |   101 ||   148
 Cast: Corona            |     3 |       |       |       ||     3
       Dazzling Spray    |       |     2 |     7 |    23 ||    32
       Ensorcelled Hiber |       |       |    10 |     8 ||    18
       Confuse           |       |       |     2 |     1 ||     3
Invok: Shadow Step       |       |       |       |     3 ||     3
  Use: Potion            |     1 |       |     1 |     3 ||     5
       Scroll            |       |       |       |     3 ||     3
 Stab: Sleeping          |     1 |     3 |     5 |    36 ||    45
       Invisible         |       |     2 |     3 |     8 ||    13
       Confused          |       |       |     1 |       ||     1
  Eat: Pizza             |       |       |       |     1 ||     1
